AoeStats
← [zWq]Ferdinand Von Lindemann

Nomad

509525525Analyzed
3v3 RM · 6d ago on Sep 27, 2026· 50m 47s· 6 players
Game mode
Random Map
Map size
210×210
Population
200
Speed
Normal
Resources
Standard
Victory
Conquest
Starting age
Dark Age
Ending age
Imperial Age
RankedLock teamsTeams togetherTeam positionsShared explorationLock speedFull tech treeHidden civsTurbo modeCheats
Victory
Defeat
🇨🇱 Spanish · Chile
1524
+15
🇩🇴 Persians · Dominican Republic
1464
+18
1403
+20
🇦🇷 Jurchens · Argentina
1576
-20
🇦🇷 Varangians · Argentina
1501
-18
1423
-15
Malcolm Little
12:01 Feudal Age
16:03 Castle Age
14:32 Double-Bit Axe
16:36 Scale Barding Armor
16:42 Forging
19:39 Wheelbarrow
24:04 Town Watch
26:24 Gold Mining
26:44 Bow Saw
26:15 Horse Collar
28:17 Chain Barding Armor
29:33 Loom
30:22 Husbandry
31:31 Iron Casting
32:24 Bloodlines
37:25 Imperial Age
36:04 Gold Shaft Mining
37:36 Heavy Plow
37:03 Cavalier
38:56 Plate Barding Armor
39:02 Savar
40:51 Conscription
41:55 Blast Furnace
45:40 Heavy Camel Rider
yinyangwar
4:58 Loom
13:58 Feudal Age
15:27 Double-Bit Axe
18:15 Castle Age
20:00 Horse Collar
22:20 Bow Saw
27:49 Wheelbarrow
28:05 Husbandry
30:49 Hand Cart
31:07 Town Watch
31:27 Heavy Plow
36:04 Imperial Age
34:13 Ballistics
36:00 Gold Mining
36:34 Padded Archer Armor
36:52 Bloodlines
37:10 Conscription
38:00 Two-Man Saw
37:51 Scale Barding Armor
38:02 Leather Archer Armor
37:59 Forging
39:13 Chemistry
39:43 Chain Barding Armor
40:53 Iron Casting
39:39 Cavalier
42:40 Plate Barding Armor
43:27 Ring Archer Armor
43:57 Blast Furnace
43:06 Paladin
[zWq]Ferdinand Von Lindemann
8:37 Loom
14:05 Feudal Age
15:57 Double-Bit Axe
16:06 Horse Collar
18:38 Castle Age
16:57 Fletching
17:55 Gold Mining
19:33 Bow Saw
21:37 Gold Shaft Mining
22:15 Wheelbarrow
23:59 Bodkin Arrow
33:50 Hand Cart
40:36 Pikeman
41:27 Murder Holes
41:55 Ballistics
42:22 Stone Mining
43:09 Masonry
44:25 Forging
44:16 Scale Mail Armor
50:22 Imperial Age
48:52 Iron Casting
48:32 Chain Mail Armor
49:30 Eupseong
50:33 Town Watch
51:06 Bracer
51:40 Architecture
51:17 Siege Engineers
| ArCas | Cristiano Onagro
5:50 Loom
13:24 Feudal Age
17:15 Castle Age
16:19 Fishing Lines
19:23 Forging
19:47 Double-Bit Axe
20:24 Gillnets
23:15 Arson
25:00 Horse Collar
26:01 Squires
26:01 Town Watch
28:01 Wheelbarrow
29:51 Bow Saw
31:54 Heavy Plow
33:14 Hand Cart
33:44 Gold Mining
36:10 Stone Mining
38:36 Iron Casting
41:53 Imperial Age
40:32 Tigui
41:23 Bloodlines
41:14 Husbandry
41:21 Scale Mail Armor
41:12 Fletching
43:00 Scale Barding Armor
43:19 Conscription
43:31 Farimba
42:55 Heavy Camel Rider
46:00 Crop Rotation
46:46 Chain Barding Armor
_29_3ffect_Arg
4:34 Loom
13:14 Feudal Age
13:38 Fishing Lines
13:52 Double-Bit Axe
20:12 Castle Age
18:42 Stone Mining
19:26 Gold Mining
19:19 Horse Collar
20:50 Gillnets
21:33 Bow Saw
23:03 Wheelbarrow
23:25 Fletching
28:26 Forging
30:41 Iron Casting
31:51 Scale Barding Armor
35:57 Imperial Age
34:11 Chain Barding Armor
35:23 Husbandry
35:35 Bloodlines
37:02 Conscription
36:05 Cavalier
37:21 Plate Barding Armor
42:40 Squires
42:41 Scale Mail Armor
43:58 Hand Cart
43:29 Town Watch
43:55 Pikeman
46:12 Blast Furnace
45:24 Masonry
45:39 Halberdier
_38_VirusBox_Arg
5:17 Loom
13:46 Feudal Age
15:07 Double-Bit Axe
17:36 Castle Age
16:37 Fishing Lines
17:19 Town Watch
18:09 Wheelbarrow
20:25 Bow Saw
30:17 Horse Collar
31:43 Heavy Plow
39:19 Imperial Age
38:34 Hand Cart
39:50 Gold Mining
39:51 Stone Mining
40:54 Forging
42:48 Iron Casting
44:56 Conscription
44:52 Scale Mail Armor
45:53 Blast Furnace
44:55 Scale Mail Armor
Connection lost

Rejoining the realm…

Still unreachable

The connection could not be restored.

Session expired

The server has moved on; the page needs a fresh start.